Map: Arctic Dream LE

Players

Massa

  • Race: Terran Terran
  • League: Platinum
  • Spawn Location: 12:00

qqq

  • Race: Zerg Zerg
  • Spawn Location: 11:00

Dalcime - Winner!

  • Race: Terran Terran
  • League: Platinum
  • Spawn Location: 5:00

Swing - Winner!

  • Race: Protoss Protoss
  • League: Diamond
  • Spawn Location: 6:00

VOD

Have the link to the VOD?

Description

Time

  • Played on: Feb. 25, 2021, 3:56 p.m.
  • Length: 15:50
Show
View Real Time Build Order
Export as new Build Order

Massa Terran 

Build Orders:  

Get SALT Encoding   

  12  0:00  SCV  
  13  0:13  SCV  
  14  0:17  Supply Depot  
  14  0:25  SCV  
  15  0:39  SCV  
  15  0:40  Barracks  
  16  0:50  Refinery  
  16  0:51  SCV  
  17  1:19  Supply Depot  
  17  1:23  Barracks  
  17  1:30  Marine  
  18  1:36  Bunker  
  18  1:40  SCV  
  19  1:50  Marine  
  20  1:56  SCV  
  21  2:15  Marine x2  
  22  2:20  Orbital Command  
  22  2:27  Factory  
  22  2:32  Marine  
  22  2:33  Marine  
  24  2:47  SCV  
  25  2:52  Barracks Reactor, Barracks Tech Lab  
  25  3:05  SCV  
  26  3:14  Factory Tech Lab  
  26  3:15  Marine  
  26  3:19  Command Center  
  27  3:23  SCV  
  28  3:45  Siege Tank  
  31  3:52  Supply Depot  
  31  3:54  Supply Depot  
  31  4:06  Refinery  
  31  4:13  SCV, Marauder, Marine x2  
  31  4:15  Supply Depot  
  36  4:17  Engineering Bay  
  36  4:19  Stimpack  
  36  4:31  Marine x2  
  38  4:36  Marauder  
  39  4:48  Marine  
  35  4:54  Marine  
  35  4:57  Marauder  
  38  5:06  Marine  
  39  5:08  Orbital Command  
  39  5:09  SCV  
  40  5:15  Siege Tank  
  40  5:18  Marauder  
  40  5:20  Marine  
  46  5:21  SCV  
  46  5:24  Marine  
  48  5:33  SCV  
  49  5:41  Marine  
  49  5:42  Marine x2  
  52  5:43  Refinery  
  52  5:44  Refinery  
  52  5:47  Siege Tank  
  52  5:48  SCV, Barracks  
  52  6:39  Marine x2  
  54  6:40  Marauder, Marine  
  55  6:55  Terran Infantry Weapons Level 1  
  55  6:57  Starport, Marine x3  
  55  6:58  Barracks  
  55  7:00  Armory  
  60  7:01  Marauder  
  60  7:03  SCV  
  60  7:04  SCV  
  60  7:05  Command Center  
  38  8:03  Marauder, Marine  
  38  8:04  Barracks Tech Lab, Marine  
  34  8:06  Medivac  
  34  8:09  Siege Tank  
  39  8:14  SCV x2  
  41  8:21  Marine  
  41  8:22  Marine  
  41  8:24  Marauder  
  41  8:26  SCV x3  
  48  8:32  Barracks Reactor  
  48  8:34  Marauder  
  48  8:36  Medivac  
  48  8:38  SCV x3  
  48  8:39  Terran Vehicle And Ship Armor Level 1, Marine  
  48  8:40  Marine  
  57  8:42  Siege Tank  
  57  8:46  Marauder  
  62  8:48  Engineering Bay  
  62  8:49  Terran Infantry Armor Level 1, Missile Turret  
  62  8:50  SCV x2  
  62  8:51  SCV  
  62  8:52  Missile Turret  
  62  8:54  Supply Depot  
  65  8:56  Marauder  
  65  8:57  Supply Depot  
  67  9:10  Marauder, Marine x4  
  67  9:14  Siege Tank  
  67  9:16  Marine  
  77  9:44  Marauder  
  77  9:45  Marauder, Marine x4  
  83  9:46  Siege Tank  
  88  10:03  Marine x2, Medivac  
  88  10:06  Marauder x2  
  96  10:18  Siege Tank  
  99  10:27  Marauder  
  101  10:36  Supply Depot  
  101  10:37  Supply Depot x3  
  101  10:39  Planetary Fortress  
  101  10:49  Combat Shield  
  101  10:50  Concussive Shells  
  101  10:55  Terran Infantry Weapons Level 2  
  101  10:58  Marauder x2, Marine x3, Medivac  
  101  11:04  SCV x2  
  112  11:16  SCV x2  
  112  11:17  Siege Tank  
  112  11:18  SCV  
  118  11:20  Marauder  
  120  11:28  SCV x2  
  122  11:39  Medivac  
  124  11:41  Marauder  
  124  11:42  Marauder, Marine x3  
  124  11:43  SCV  
  124  11:44  SCV  
  133  11:59  Supply Depot x2  
  133  12:20  SCV, Medivac  
  133  12:21  Marauder x2  
  136  12:51  Terran Infantry Armor Level 2  
  136  12:53  Sensor Tower  
  134  13:27  SCV x2  
  134  13:28  SCV  
  137  13:39  SCV  
  137  13:40  SCV x2  
  140  13:48  Marauder x2, Marine  
  140  13:49  Marine x2  
  140  13:55  Sensor Tower  
  145  13:58  SCV x3  
  145  13:59  Refinery, Sensor Tower  
  145  14:02  Refinery  
  148  14:10  SCV  
  149  14:21  Missile Turret  
  149  14:22  Missile Turret  
  149  14:24  Marauder  
  140  14:35  Siege Tank  
  140  14:38  Marauder, Marine x3  
  128  14:39  Marine  
  128  14:45  Marauder  
  73  14:59  Marauder  
  63  15:06  Marauder  
  59  15:07  Medivac, Siege Tank  
  59  15:09  Command Center  
  59  15:10  Marine  
  59  15:11  Marine x3  
  65  15:21  Marauder  
  67  15:26  Barracks  
  67  15:27  Barracks  
  67  15:28  Marauder, Marine  
  70  15:29  Barracks, Marine x3  
Show
View Real Time Build Order
Export as new Build Order

qqq Zerg 

Build Orders: 3 Hatch before Pool, Lurkers 

Get SALT Encoding   

  12  0:00  Drone  
  13  0:09  Drone  
  14  0:18  Overlord  
  14  0:45  Hatchery  
  13  0:50  Drone  
  13  0:51  Drone  
  13  0:55  Drone  
  17  1:21  Hatchery  
  17  1:23  Drone  
  17  1:25  Spawning Pool  
  16  1:36  Drone x2  
  16  1:37  Extractor  
  16  1:38  Drone  
  18  1:59  Drone x2  
  20  2:18  Queen  
  20  2:20  Overlord  
  22  2:29  Overlord  
  22  2:33  Zergling x2  
  22  2:34  Queen  
  25  2:37  Metabolic Boost  
  25  2:40  Zergling x2  
  25  2:44  Zergling x4  
  28  2:56  Zergling x4  
  30  3:03  Zergling x2  
  31  3:07  Zergling x2  
  31  3:12  Evolution Chamber  
  31  3:15  Drone  
  31  3:16  Zergling x2  
  33  3:28  Zergling x4  
  32  3:45  Zergling x8  
  35  3:50  Queen  
  35  3:53  Lair  
  35  3:54  Drone  
  38  3:56  Zergling x2  
  39  4:18  Drone  
  39  4:22  Spine Crawler  
  39  4:25  Queen  
  39  4:38  Drone x2  
  39  4:49  Hatchery  
  38  4:57  Extractor  
  38  4:58  Zerg Melee Weapons Level 1  
  37  5:10  Drone x3  
  37  5:11  Zergling x2  
  37  5:12  Zergling x2  
  42  5:17  Overlord  
  33  5:37  Zergling x8  
  33  6:13  Queen  
  34  6:26  Zergling x4  
  34  6:29  Drone x2  
  34  6:30  Drone x5  
  43  6:40  Zergling x2  
  44  6:49  Queen  
  44  6:51  Zergling x6  
  44  6:52  Zerg Ground Armor Level 1  
  46  7:09  Zergling x10  
  51  7:20  Zergling x14  
  58  7:27  Overlord x3  
  58  7:39  Baneling Nest  
  58  7:40  Drone  
  58  7:42  Overlord  
  58  8:03  Drone x3  
  58  8:04  Drone  
  50  8:19  Hatchery  
  43  8:24  Drone x4  
  47  8:31  Drone x2  
  47  8:32  Zergling x6  
  52  8:44  Zergling x6  
  52  8:46  Centrifical Hooks, Zerg Melee Weapons Level 2  
  55  9:00  Spore Crawler  
  55  9:02  Spine Crawler, Baneling x3  
  53  9:03  Baneling x4  
  53  9:04  Baneling  
  53  9:11  Drone x3  
  56  9:21  Hydralisk Den  
  55  9:24  Spore Crawler  
  55  9:29  Spore Crawler  
  53  9:36  Baneling x2  
  53  9:39  Queen  
  53  9:41  Drone x4  
  53  9:42  Drone  
  53  9:44  Extractor x2  
  58  9:52  Drone x4  
  62  10:10  Spore Crawler  
  61  10:21  Drone x2  
  61  10:22  Drone x8  
  61  10:23  Zergling x2  
  61  10:24  Hydralisk, Zergling x4  
  61  10:25  Hydralisk  
  78  10:35  Lurker Den  
  78  10:38  Muscular Augments  
  78  10:40  Hydralisk, Evolution Chamber  
  78  10:56  Zergling x8  
  83  10:57  Hydralisk x3, Zergling x2  
  83  11:00  Overlord  
  83  11:02  Zerg Ground Armor Level 2  
  89  11:11  Zergling x4, Infestation Pit  
  84  11:12  Zergling x8  
  90  11:18  Extractor  
  90  11:19  Extractor  
  90  11:22  Baneling x4  
  90  11:23  Baneling x6  
  88  11:25  Zergling x2  
  88  11:26  Zergling x4  
  88  11:27  Zergling x2  
  88  11:29  Drone  
  88  11:30  Drone  
  88  11:32  Drone  
  95  11:36  Overlord  
  95  11:37  Hydralisk  
  97  11:40  Hydralisk  
  97  11:44  Lurker  
  100  11:49  Hive  
  100  11:52  Zerg Missile Weapons Level 1  
  100  11:57  Lurker x2  
  100  11:58  Lurker  
  103  12:02  Lurker  
  103  12:04  Zergling x6  
  103  12:05  Zergling x2  
  108  12:25  Hatchery  
  107  12:31  Zergling x2  
  107  12:32  Hydralisk, Zergling x4  
  107  12:33  Overlord x3  
  107  12:34  Overlord  
  107  12:47  Hydralisk x2  
  107  12:49  Overlord x2  
  111  13:14  Hydralisk x2  
  111  13:15  Hydralisk x2  
  111  13:16  Viper x2  
  125  13:20  Lurker x4  
  129  13:28  Drone x4  
  129  13:29  Drone x5  
  137  13:48  Drone  
  138  13:49  Drone x3  
  141  14:05  Seismic Spines  
  141  14:06  Ultralisk Cavern  
  101  14:28  Hydralisk x4  
  101  14:29  Hydralisk x4  
  101  14:31  Zergling x20  
  109  14:40  Zergling x8  
  109  14:41  Zergling x2  
  114  14:49  Hydralisk x3  
  120  14:53  Baneling  
  84  15:11  Zergling x4  
  84  15:12  Zergling x14  
  84  15:13  Zergling x2  
  82  15:22  Lurker  
  74  15:33  Baneling x3  
Show
View Real Time Build Order
Export as new Build Order

Dalcime Terran - Winner!

Build Orders: Command Center First (CC) 

Get SALT Encoding   

  12  0:00  SCV  
  13  0:12  SCV  
  14  0:17  Supply Depot  
  14  0:24  SCV  
  15  0:39  SCV  
  16  0:57  Command Center  
  16  1:01  SCV  
  17  1:13  Barracks  
  17  1:28  SCV  
  17  1:31  Refinery  
  18  1:34  Refinery  
  18  1:41  Supply Depot  
  18  1:44  SCV  
  19  2:01  Orbital Command, Marine  
  20  2:12  Orbital Command  
  20  2:21  Marine  
  21  2:27  SCV  
  22  2:33  Barracks  
  22  2:37  SCV  
  22  2:40  SCV  
  22  2:43  Barracks Tech Lab  
  24  2:49  SCV  
  25  2:52  SCV  
  25  2:57  Factory  
  26  3:02  SCV  
  26  3:04  SCV  
  28  3:08  Marine, Supply Depot  
  28  3:12  Stimpack  
  29  3:14  SCV  
  29  3:17  SCV  
  29  3:19  Barracks Reactor  
  31  3:39  SCV x2  
  31  3:40  Command Center  
  33  3:46  Starport  
  33  3:48  Factory Tech Lab  
  33  3:50  Marine  
  34  3:56  SCV  
  34  3:58  Refinery  
  34  4:02  Marine x2  
  37  4:04  SCV  
  38  4:11  Siege Tank  
  38  4:13  Marine  
  38  4:16  SCV  
  43  4:17  SCV  
  43  4:23  Refinery  
  44  4:26  Engineering Bay  
  44  4:28  SCV  
  44  4:29  Marine x2  
  44  4:30  Starport Reactor  
  47  4:38  Barracks  
  47  4:41  Marine  
  48  4:53  Marine x2  
  48  4:54  Siege Tank  
  48  4:55  Combat Shield  
  48  4:59  SCV x2  
  55  5:05  Missile Turret  
  55  5:07  Missile Turret  
  55  5:09  Terran Infantry Weapons Level 1  
  55  5:11  SCV  
  55  5:12  SCV  
  57  5:17  Medivac x2  
  57  5:20  Marine  
  57  5:21  Marine x2  
  54  5:42  Barracks Reactor, Marine  
  54  5:43  Marine  
  54  5:44  Planetary Fortress  
  54  5:45  SCV x2  
  54  5:47  Medivac  
  60  5:50  Marine  
  61  5:57  SCV  
  61  5:58  SCV  
  61  5:59  Siege Tank  
  61  6:00  Marine x2  
  68  6:08  Marine  
  68  6:09  SCV  
  68  6:10  SCV  
  64  6:18  Marine x4  
  64  6:22  SCV  
  64  6:25  SCV  
  69  6:32  Medivac  
  69  6:38  SCV  
  69  7:02  Marine x3, Medivac, Siege Tank  
  69  7:03  Supply Depot  
  69  7:04  Supply Depot  
  69  7:05  Supply Depot  
  69  7:07  Refinery  
  77  7:08  Refinery, Barracks  
  77  7:10  Missile Turret  
  77  7:24  SCV x3, Marine x5  
  85  7:36  SCV x3  
  88  7:41  Command Center  
  88  7:42  Marine x5  
  92  8:00  Marine x3  
  95  8:08  Marine x2  
  95  8:10  Medivac x2, Siege Tank  
  96  8:18  Marine x3  
  98  8:20  Barracks Reactor  
  98  8:23  Terran Infantry Armor Level 1, Barracks  
  98  8:24  Barracks  
  98  8:26  Marine x2  
  100  8:27  Barracks  
  100  8:32  SCV  
  100  8:33  Armory  
  100  8:34  Engineering Bay  
  101  8:37  Supply Depot  
  101  8:50  Marine x5  
  101  8:51  SCV x3  
  101  8:52  Supply Depot  
  101  8:53  Supply Depot, Medivac x2, Siege Tank  
  116  9:00  Supply Depot  
  116  9:03  Marine x2  
  116  9:08  Marine x5  
  123  9:19  Marine  
  123  9:21  Marine x2  
  128  9:25  SCV x2, Supply Depot, Siege Tank  
  128  9:26  Marine x5  
  137  9:31  Barracks Reactor x2  
  137  9:33  Terran Infantry Weapons Level 2  
  137  9:36  Planetary Fortress  
  137  9:37  Marine  
  137  9:38  SCV x3  
  140  9:39  Marine x2  
  140  9:44  Marine x3  
  145  9:50  SCV x3  
  145  9:52  Marine x2  
  150  9:55  Marine  
  150  9:57  Marine x2  
  153  10:02  SCV, Marine x3  
  157  10:10  Marine x2  
  159  10:43  Marine x4  
  159  10:44  Marine  
  159  10:48  Marine x7  
  171  10:52  Terran Infantry Armor Level 2  
  171  10:53  Supply Depot x2  
  171  11:01  Marine  
  172  11:14  SCV x2, Marine x11  
  172  11:15  SCV x2  
  172  11:16  Refinery  
  172  11:18  Refinery  
  187  11:19  Marine  
  188  11:36  Command Center x2, Terran Vehicle Weapons Level 1  
  188  11:41  Command Center  
  188  11:54  Sensor Tower  
  188  12:38  Marine  
  188  12:39  SCV  
  188  12:40  Medivac x2, Siege Tank  
  188  12:44  Terran Infantry Weapons Level 3  
  187  12:45  Marine  
  187  12:47  Marine x10  
  198  12:53  Planetary Fortress  
  198  12:56  Marine, Planetary Fortress x2  
  198  12:58  Command Center  
  199  13:00  Missile Turret  
  199  13:01  Missile Turret  
  199  13:03  Marine, Missile Turret  
  200  13:19  Sensor Tower  
  200  13:54  Missile Turret x2  
  200  14:07  Missile Turret  
  200  14:29  Missile Turret  
  195  14:39  Marine  
  195  14:44  Marine  
  195  14:45  Marine x8  
  183  14:46  Marine x2  
  183  14:47  Siege Tank  
  183  14:49  Medivac x2  
  183  14:50  Missile Turret  
  186  14:57  Marine  
  185  15:02  Marine  
  185  15:03  Marine x3  
  182  15:15  Marine x8  
  182  15:19  Medivac x2  
  182  15:20  Marine x3  
Show
View Real Time Build Order
Export as new Build Order

Swing Protoss - Winner!

Build Orders:  

Get SALT Encoding   

  12  0:00  Probe  
  13  0:12  Probe  
  14  0:18  Pylon  
  14  0:24  Probe  
  15  0:36  Probe (Chrono Boost)  
  15  0:38  Forge  
  16  0:48  Probe (Chrono Boost)  
  17  0:53  Probe (Chrono Boost)  
  18  1:03  Probe  
  19  1:04  Pylon  
  19  1:20  Pylon  
  19  1:21  Pylon  
  19  1:25  Probe  
  20  1:38  Photon Cannon  
  20  1:40  Gateway  
  20  1:52  Probe  
  20  1:54  Assimilator  
  21  2:24  Probe  
  21  2:29  Photon Cannon  
  22  2:33  Cybernetics Core  
  22  2:36  Probe, Gateway  
  23  2:37  Pylon  
  23  2:57  Photon Cannon  
  23  3:03  Probe  
  23  3:05  Assimilator  
  24  3:10  Shield Battery  
  24  3:11  Photon Cannon  
  24  3:16  Probe  
  24  3:17  Shield Battery  
  24  3:29  Stalker x2  
  24  3:31  Shield Battery  
  28  3:38  Pylon  
  28  3:55  Robotics Facility  
  28  4:09  Photon Cannon  
  28  4:10  Shield Battery  
  28  4:15  Sentry, Stalker  
  32  4:55  Probe  
  32  4:58  Nexus  
  33  5:03  Immortal  
  37  5:08  Probe  
  38  5:15  Twilight Council  
  38  5:20  Probe  
  39  5:32  Probe  
  40  5:35  Warp Gate (Chrono Boost)  
  40  5:44  Probe, Warp Prism (Chrono Boost)  
  39  6:34  Probe x2 (Chrono Boost)  
  39  6:38  Charge  
  41  6:44  Probe x2 (Chrono Boost)  
  43  6:49  Probe x2 (Chrono Boost)  
  43  6:53  Gateway  
  43  6:54  Pylon  
  45  6:55  Pylon  
  45  6:56  Gateway  
  45  6:57  Gateway  
  45  7:07  Probe  
  46  7:12  Probe  
  47  7:19  Probe  
  47  7:20  Zealot  
  50  7:24  Probe, Zealot  
  45  7:38  Protoss Ground Weapons Level 1  
  45  8:08  Pylon  
  45  8:10  Pylon  
  45  8:11  Pylon  
  45  8:13  Templar Archives  
  45  8:17  Assimilator  
  45  8:19  Assimilator  
  45  8:26  Probe  
  46  8:28  Probe (Chrono Boost)  
  46  8:33  Nexus  
  47  8:38  Probe (Chrono Boost)  
  47  8:41  Probe (Chrono Boost)  
  49  8:47  Probe (Chrono Boost), Psionic Storm, Zealot x3  
  57  8:48  Probe (Chrono Boost)  
  57  8:52  Probe (Chrono Boost)  
  57  8:54  Probe, Pylon  
  58  8:56  Pylon  
  58  8:59  Pylon  
  59  9:03  Pylon  
  59  9:04  Probe  
  59  9:07  Probe  
  59  9:08  Pylon  
  61  9:10  Pylon  
  61  9:16  Gateway x2  
  61  9:20  Gateway  
  61  9:30  Probe  
  61  9:31  Probe  
  63  9:34  Zealot x3  
  69  9:43  Probe x2  
  69  9:44  Protoss Ground Weapons Level 2 (Chrono Boost)  
  71  9:49  Probe  
  72  9:55  Probe x2  
  74  10:01  Probe  
  74  10:05  High Templar x3  
  82  10:07  Probe x2  
  82  10:13  Probe  
  84  10:17  Assimilator  
  84  10:21  Assimilator  
  84  10:22  Pylon  
  84  10:23  Gateway  
  84  10:25  Gateway  
  84  10:26  Pylon, Robotics Facility  
  78  10:36  High Templar  
  78  10:37  High Templar x2  
  84  10:46  Probe x3  
  87  10:54  High Templar x2  
  87  10:55  High Templar  
  93  11:04  Nexus  
  93  11:06  Pylon  
  93  11:08  Pylon  
  93  11:10  Immortal (Chrono Boost)  
  97  11:19  Robotics Bay  
  97  11:20  Probe x3  
  97  11:22  Gateway  
  97  11:23  Gateway, Zealot x5  
  110  11:27  High Templar x2  
  110  11:28  Zealot  
  110  11:32  Probe x3  
  119  11:42  Observer  
  119  11:45  Probe x3  
  123  11:54  Stargate  
  122  11:56  Stargate  
  122  12:03  Stalker x4  
  122  12:04  Stalker x3  
  136  12:13  Stalker  
  138  12:48  Nexus  
  138  12:49  Pylon  
  138  12:52  Pylon  
  138  12:57  Pylon  
  138  13:02  Stalker x2  
  140  13:08  Assimilator  
  140  13:12  Blink (Chrono Boost)  
  130  13:16  Stalker x3  
  132  13:28  Fleet Beacon  
  132  13:42  Zealot x4  
  132  13:43  Zealot x3  
  132  13:44  Zealot  
  148  13:52  Pylon  
  148  13:55  Pylon  
  148  14:00  Observer  
  147  14:21  Immortal (Chrono Boost)  
  94  14:37  Stalker  
  94  14:38  High Templar x2, Stalker  
  78  14:39  High Templar x3  
  78  14:40  Void Ray, High Templar, Zealot  
  78  14:41  Zealot, Void Ray  
  94  14:50  Fleet Beacon  
  94  14:52  Flux Vanes  
  102  14:53  Colossus (Chrono Boost)  
  108  15:01  Zealot  
  108  15:02  Zealot x3  
  116  15:15  Zealot  
  116  15:16  Zealot x5  
  134  15:36  Stalker x2  
  134  15:37  Stalker x3  
  134  15:41  Nexus  
  144  15:49  Nexus  
Tags
 
Add a new tag
Caveats
  • Supply blocks, unpowered buildings, or Contaminate may cause inaccurate times.
  • Supply counts are checked every 10 seconds.